 Dungeon Crawl Stone Soup version 0.27.0-1-g7a089689b8 (webtiles) character file.

Game seed: 16205465533750007366

420 sanka the Magician (level 6, -4/32 HPs)
             Began as a Vine Stalker Hedge Wizard on Aug 1, 2021.
             Slain by a gnoll sergeant (11 damage)
             ... on level 4 of the Dungeon.
             The game lasted 00:08:06 (4448 turns).

sanka the Magician (Vine Stalker Hedge Wizard)      Turns: 4448, Time: 00:08:06

Health: -4/32      AC:  4    Str: 13    XL:     6   Next: 94%
Magic:  0/13       EV: 14    Int: 14    God:
Gold:   109        SH:  0    Dex: 21    Spells: 10/13 levels left

rFire    . . .     SeeInvis .   a - +2 dagger (venom)
rCold    . . .     Faith    .   (no shield)
rNeg     . . .     Spirit   +   b - +0 robe
rPois    .         Reflect  .   j - +0 helmet
rElec    .         Harm     .   (no cloak)
rCorr    .         Rampage  .   (no gloves)
Will     .....                  o - +0 pair of boots
Stlth    ++........             (no amulet)
HPRegen  1.10/turn              (no ring)
MPRegen  0.13/turn              d - +6 ring of dexterity

@: very slightly contaminated
A: fangs 2, regeneration 1, magic shield, antimagic bite, no potion heal 2
a: no special abilities


You were on level 4 of the Dungeon.
You visited 1 branch of the dungeon, and saw 4 of its levels.

You collected 109 gold pieces.


Innate Abilities, Weirdness & Mutations

You have extremely sharp teeth.
Your natural rate of healing is unusually fast.
When hurt, damage is shared between your health and your magic reserves.
Your bite disrupts and absorbs the magic of your enemies.
Potions cannot restore your health.


   Skills:
 + Level 3.5 Fighting
 + Level 3.7 Dodging
 - Level 2.4 Stealth
 - Level 4.0 Spellcasting
 - Level 1.0 Conjurations
 - Level 3.0 Summonings
 - Level 1.0 Translocations


You had 10 spell levels left.
You knew the following spells:

 Your Spells              Type           Power      Damage    Failure   Level
x - Call Imp              Summ           11%        N/A       9%          2
z - Magic Dart            Conj           20%        1d4       13%         1

Your spell library contained the following spells:

 Spells                   Type           Power      Damage    Failure   Level
 Blink                    Tloc           N/A        N/A       19%         2
 Slow                     Hex            2%         N/A       28%         2
 Conjure Flame            Conj/Fire      4%         6-21      43%         3
 Mephitic Cloud           Conj/Pois/Air  3%         N/A       45%         3

Inventory:

Hand Weapons
 a - a +2 dagger of venom (weapon)
 f - a +1 dagger of flaming
Missiles
 h - 29 poisoned darts
Armour
 b - a +0 robe (worn)
 j - a +0 helmet (worn)
 o - a +0 pair of boots (worn)
Magical Staves
 k - a staff of death
Jewellery
 d - a +6 ring of dexterity (right hand)
Scrolls
 c - a scroll of blinking {unknown}
 e - 3 scrolls of identify {unknown}
 i - a scroll of holy word {unknown}
 m - a scroll of immolation {unknown}
 p - 2 scrolls of teleportation {unknown}
 q - 2 scrolls of enchant armour {unknown}
Potions
 g - 4 potions of flight
 l - a potion of berserk rage {unknown}

Dungeon Overview and Level Annotations

Branches:
Dungeon (4/15)
 Temple: D:4-7

Altars:

▒.▒ ▒.. .▒
▒^.▒ ▒.▒ ...
▒.▒ .. ▒.▒
▒. ▒.▒ ▒▒
▒.▒▒▒▒.▒ ..
▒.f).▒.▒▒.▒
▒▒........▒▒
▒..g.5....▒
▒..5..▒▒▒.▒
▒.).....▒
▒.....▒.▒
▒▒▒▒▒▒▒...
▒▒▒ ..▒▒
▒....


You could see a gnoll sergeant (ally target), a friendly crimson imp (summoned)
and a friendly white imp (summoned).


Message History

You are very lightly contaminated with residual magic.
Nothing appears to happen.
The gnoll sergeant misses you.
Unknown command.
A beastly little devil appears in a puff of frigid air.
The gnoll completely misses you. The gnoll sergeant misses you.
A beastly little devil appears in a puff of flame.
The gnoll barely misses you.
The gnoll sergeant hits you from afar with a +6 spear of freezing!
The gnoll sergeant freezes you.
* * * LOW HITPOINT WARNING * * *
Your white imp completely misses the gnoll.
Unknown command.
You hit the gnoll.
The gnoll looks as sick as possible!
The gnoll is almost dead.
You kill the gnoll!
The gnoll sergeant hits you from afar with a +6 spear of freezing!
* * * LOW HITPOINT WARNING * * *
The gnoll sergeant freezes you.
* * * LOW HITPOINT WARNING * * *
Your white imp hits the gnoll sergeant but does no damage.
Your white imp hits the gnoll sergeant.
Your white imp freezes the gnoll sergeant.
The gnoll sergeant closely misses you.
Your white imp hits the gnoll sergeant.
Your white imp freezes the gnoll sergeant.
The gnoll sergeant hits you from afar with a +6 spear of freezing!
You die...

Action                   |  1- 3 |  4- 6 || total
-------------------------+-------+-------++-------
Melee: Dagger            |    25 |   145 ||   170
       Bite              |     7 |    62 ||    69
 Cast: Magic Dart        |    88 |    43 ||   131
       Call Imp          |     2 |    22 ||    24
  Use: Potion            |       |     3 ||     3
 Stab: Sleeping          |       |     4 ||     4
Armor: Robe              |     4 |    48 ||    52
Dodge: Dodged            |    42 |   152 ||   194

Levels and vault maps discovered:
D:1:      saegor_arrival_fortress, layout_basic,
          hellmonk_ecumenical_altar_pennies_from_heaven
D:2:      layout_basic, minmay_tetromino_t2, uniq_robin
D:3:      layout_rooms, kennysheep_generic_room_11
D:4:      layout_basic, gammafunk_ghost_split, grunt_decor_cap, uniq_natasha

Notes
Turn   | Place    | Note
-------+----------+-------------------------------------------
     0 | D:1      | sanka the Vine Stalker Hedge Wizard began the quest for the
                  | Orb.
     0 | D:1      | Reached XP level 1. HP: 9/9 MP: 5/5
   180 | D:2      | Noticed Robin
   447 | D:1      | Reached XP level 2. HP: 13/13 MP: 4/7
   604 | D:1      | Reached skill level 4 in Spellcasting
   889 | D:1      | Learned a level 2 spell: Call Imp
  1264 | D:1      | Found a faded altar of an unknown god.
  1364 | D:1      | Reached XP level 3. HP: 16/16 MP: 7/9
  1405 | D:1      | Reached skill level 2 in Summonings
  2398 | D:2      | Reached skill level 3 in Summonings
  2398 | D:2      | Gained mutation: Your natural rate of healing is unusually
                  | fast. [Vine Stalker growth]
  2398 | D:2      | Reached XP level 4. HP: 21/21 MP: 1/11
  2745 | D:2      | Killed Robin
  3197 | D:2      | Reached skill level 1 in Fighting
  3268 | D:2      | Reached skill level 2 in Dodging
  3518 | D:3      | Reached XP level 5. HP: 25/25 MP: 12/12
  3712 | D:3      | Reached skill level 2 in Fighting
  3963 | D:4      | Noticed Natasha
  3963 | D:4      | Noticed a two-headed ogre
  3971 | D:3      | Reached XP level 6. HP: 32/32 MP: 13/13
  3981 | D:3      | Reached skill level 3 in Dodging
  3989 | D:4      | Killed Natasha
  4128 | D:4      | Noticed Natasha
  4138 | D:4      | Killed Natasha
  4151 | D:4      | Reached skill level 3 in Fighting
  4165 | D:4      | Noticed a water moccasin
  4188 | D:3      | HP: 1/32 [water moccasin (6)]
  4236 | D:3      | Killed a water moccasin
  4330 | D:4      | Noticed Natasha
  4354 | D:2      | Killed Natasha
  4448 | D:4      | Slain by a gnoll sergeant

Vanquished Creatures
  A bullfrog zombie (D:3)
  An orc priest (D:3)
  A hound (D:3)
  Natasha (thrice) (D:4 D:2)
  Robin (D:2)
  5 gnolls
  3 adders
  An ufetubus (D:3)
  An adder zombie (D:1)
  8 orcs
  2 bats
  9 endoplasms
  4 giant cockroaches
  9 goblins
  2 hobgoblins
  13 jackals
  4 kobolds
  3 quokkas
  2 ball pythons
  A ball python zombie (D:1)
  4 frilled lizards
  6 rats
84 creatures vanquished.

Vanquished Creatures (collateral kills)
  A water moccasin (D:3)
  An adder (D:2)
  A worm (D:2)
  An orc (D:3)
  An endoplasm (D:2)
  3 hobgoblins (D:2)
  4 jackals (D:2)
  A kobold (D:2)
13 creatures vanquished.

Grand Total: 97 creatures vanquished
